 Dungeon Crawl Stone Soup version 0.31-a0-175-g9f7f995f2b (webtiles) character file.

Game seed: 7908787713848384871

259 qw the Shooter (level 6, -2/56 HPs)
             Began as a Naga Hunter on June 16, 2023.
             Frozen to death by an endoplasm (5 damage)
             ... on level 3 of the Dungeon.
             The game lasted 00:00:54 (3147 turns).

qw the Shooter (Naga Hunter)                        Turns: 3147, Time: 00:00:54

Health: -2/56      AC:  3    Str: 13    XL:     6   Next: 17%
Magic:  0/6        EV: 10    Int:  9    God:
Gold:   158        SH:  0    Dex: 23    Spells: 5/5 levels left

rFire   . . .        Y - +0 shortbow
rCold   . . .        (shield currently unavailable)
rNeg    . . .        c - +0 leather armour
rPois   +            (no helmet)
rElec   .            (no cloak)
rCorr   .            (no gloves)
SInv    +            (no barding)
Will    .....        d - amulet of guardian spirit
Stlth   ++           g - +6 ring of dexterity
HPRegen 0.29/turn    (no ring)
MPRegen 0.10/turn

%: guardian spirit
@: lethally poisoned (-2 -> -10), short of breath, very slow
A: AC +2, large, see invisible, deformed body, poison resistance, slowness 2,
spit poison 1, naga tail 1
a: Spit Poison


You were on level 3 of the Dungeon.
You visited 1 branch of the dungeon, and saw 4 of its levels.

You collected 158 gold pieces.


Innate Abilities, Weirdness & Mutations

Your serpentine skin is tough. (AC +2)
You have supernaturally acute eyesight. (SInv)
Armour fits poorly on your strangely shaped body.
Your system is resistant to poisons. (rPois)
You cover ground very slowly.
You can spit poison.
You have a snake-like lower body.


   Skills:
 - Level 3.1 Fighting
 + Level 5.9 Ranged Weapons
 - Level 2.2 Dodging
 - Level 1.5 Stealth


You had 5 spell levels left.
You didn't know any spells.
Your spell library was empty.

Inventory:

Hand Weapons
 Y - a +0 shortbow (weapon)
Armour
 c - a +0 leather armour (worn)
Jewellery
 d - an amulet of guardian spirit (around neck)
 g - a +6 ring of dexterity (left hand)
 i - an amulet of the acrobat
Scrolls
 b - a scroll of identify
Potions
 a - a potion of experience {unknown}
 f - 5 potions of curing
 h - a potion of enlightenment {unknown}

Dungeon Overview and Level Annotations

Branches:
Dungeon (4/15)
 Temple: D:4-7

Altars:

Shops:
D:1 [


Message History

Aiming: Spit Poison (1% risk of failure)
Press: ? - help, Shift-Dir - straight line, f - scorpion The splash of poison misses the scorpion.
The scorpion stings you. The endoplasm freezes you.
You are frozen.
You shoot an arrow. The arrow barely misses the scorpion.
The scorpion stings you.
You are poisoned.
The scorpion poisons you! The endoplasm barely misses you.
The scorpion stings you.
You are more poisoned.
The scorpion poisons you!
You shoot an arrow.
The arrow completely misses the scorpion.
You feel extremely sick. The endoplasm hits you. The scorpion stings you.
You shoot an arrow.
The arrow hits the scorpion but does no damage.
You feel very sick. The scorpion misses you.
The endoplasm hits you but does no damage.
The scorpion stings you but does no damage.
You shoot an arrow.
The arrow hits the scorpion but does no damage.
You have got your breath back.
You feel very sick.
The endoplasm hits you but does no damage.
The scorpion barely misses you.
The endoplasm jiggles.
The endoplasm hits you.
3147 ||| INVOKING Spit Poison.
Aiming: Spit Poison (1% risk of failure)
Press: ? - help, Shift-Dir - straight line, f/p - scorpion The splash of poison misses the scorpion.
You feel very sick. The scorpion stings you. The endoplasm freezes you.
You are frozen.
You die...

### ### ##.#
#.####### #####..#
#....s@)#
.......####.#####J#
.####.........#.#.#
.#......###.....#.#
............#.#.#.#
...........(......#
#.......###.#######
##.#........#
#.#.###########


You could see a scorpion and an endoplasm.

Vanquished Creatures
  A scorpion (D:3)
  2 orc priests (D:3)
  3 gnolls
  3 adders
  A worm (D:3)
  A dart slug (D:1)
  2 orcs (D:3)
  5 ball pythons
  8 endoplasms
  2 giant cockroaches (D:1)
  8 goblins
  7 hobgoblins
  4 jackals (D:2)
  10 kobolds
  2 quokkas (D:3)
  A bat (D:1)
  4 frilled lizards
  10 rats
74 creatures vanquished.

Notes
Turn   | Place    | Note
-------+----------+-------------------------------------------
     0 | D:1      | qw the Naga Hunter began the quest for the Orb.
     0 | D:1      | Reached XP level 1. HP: 19/19 MP: 1/1
     0 | D:1      | 0 ||| qw: Version: 0.2-a-29-g511e9b1
     0 | D:1      | 0 ||| qw: Game counter: 5891
     0 | D:1      | 0 ||| qw: Always use a shield: true
     0 | D:1      | 0 ||| qw: God list: Okawaru
     0 | D:1      | 0 ||| qw: Allow faded altars: false
     0 | D:1      | 0 ||| qw: Do Orc after D:15 true
     0 | D:1      | 0 ||| qw: Do second Lair branch before Depths: true
     0 | D:1      | 0 ||| qw: Lair rune preference: random
     0 | D:1      | 0 ||| qw: Plans: Normal
     0 | D:1      | 0 ||| PLANNING D:1-11
    20 | D:1      | 20 ||| INVOKING Spit Poison.
    23 | D:1      | 23 ||| INVOKING Spit Poison.
    49 | D:1      | 49 ||| INVOKING Spit Poison.
    66 | D:1      | 66 ||| INVOKING Spit Poison.
    67 | D:1      | 67 ||| INVOKING Spit Poison.
   141 | D:1      | Found Buem's Antique Armour Emporium.
   149 | D:1      | Reached skill level 4 in Ranged Weapons
   149 | D:1      | Reached XP level 2. HP: 8/26 MP: 2/2
   149 | D:1      | 149 ||| INVOKING Spit Poison.
   226 | D:1      | 226 ||| SHOPLISTING cloak (121 gold, have 11).
   247 | D:1      | 247 ||| INVOKING Spit Poison.
   262 | D:1      | 262 ||| INVOKING Spit Poison.
   282 | D:1      | 282 ||| INVOKING Spit Poison.
   290 | D:1      | 290 ||| INVOKING Spit Poison.
   337 | D:1      | 337 ||| INVOKING Spit Poison.
   343 | D:1      | 343 ||| INVOKING Spit Poison.
   387 | D:1      | 387 ||| INVOKING Spit Poison.
   392 | D:1      | 392 ||| INVOKING Spit Poison.
   415 | D:1      | 415 ||| INVOKING Spit Poison.
   422 | D:1      | 422 ||| INVOKING Spit Poison.
   512 | D:1      | Found a faded altar of an unknown god.
   706 | D:1      | 706 ||| INVOKING Spit Poison.
   707 | D:1      | Reached XP level 3. HP: 32/32 MP: 3/3
   711 | D:1      | 711 ||| INVOKING Spit Poison.
   714 | D:1      | 714 ||| INVOKING Spit Poison.
   730 | D:1      | 730 ||| INVOKING Spit Poison.
   743 | D:1      | 743 ||| INVOKING Spit Poison.
   771 | D:1      | 771 ||| INVOKING Spit Poison.
   887 | D:1      | 887 ||| UPGRADING to amulet of guardian spirit.
   892 | D:1      | 892 ||| UPGRADING to +6 ring of dexterity.
   893 | D:1      | 893 ||| READING scroll labelled DYCUGA VEISIZ.
   894 | D:1      | 894 ||| READING scroll labelled FITISE DIMMO.
   895 | D:1      | 895 ||| DROPPING scroll of butterflies.
   973 | D:2      | 973 ||| INVOKING Spit Poison.
   979 | D:2      | 979 ||| INVOKING Spit Poison.
  1056 | D:2      | 1056 ||| INVOKING Spit Poison.
  1060 | D:2      | 1060 ||| INVOKING Spit Poison.
  1063 | D:2      | 1063 ||| INVOKING Spit Poison.
  1077 | D:2      | 1077 ||| INVOKING Spit Poison.
  1082 | D:2      | 1082 ||| INVOKING Spit Poison.
  1176 | D:2      | Reached skill level 5 in Ranged Weapons
  1176 | D:2      | Reached XP level 4. HP: 39/39 MP: 4/4
  1239 | D:2      | 1239 ||| INVOKING Spit Poison.
  1284 | D:2      | 1284 ||| INVOKING Spit Poison.
  1299 | D:2      | 1299 ||| INVOKING Spit Poison.
  1552 | D:2      | 1552 ||| READING 2 scrolls labelled TUTOWNIMODGH.
  1554 | D:2      | 1554 ||| READING scroll labelled TAROIQ MAORCH.
  1555 | D:2      | 1555 ||| READING scroll labelled QAEZICVIOPN.
  1581 | D:2      | 1581 ||| INVOKING Spit Poison.
  1624 | D:2      | 1624 ||| INVOKING Spit Poison.
  1723 | D:2      | 1723 ||| DRINKING 2 bubbling black potions.
  1724 | D:2      | 1724 ||| DROPPING scroll of amnesia.
  1750 | D:3      | 1750 ||| INVOKING Spit Poison.
  1754 | D:3      | 1754 ||| INVOKING Spit Poison.
  1756 | D:3      | 1756 ||| STAIRDANCE
  1777 | D:3      | 1777 ||| INVOKING Spit Poison.
  1779 | D:3      | 1779 ||| STAIRDANCE
  1782 | D:2      | HP: 9/40 [gnoll/+0 flail (8)]
  1783 | D:2      | 1783 ||| INVOKING Spit Poison.
  1785 | D:2      | Reached skill level 3 in Fighting
  1965 | D:3      | 1965 ||| Stepping ~*~*~tactically~*~*~ (outnumbered).
  1967 | D:3      | 1967 ||| INVOKING Spit Poison.
  1971 | D:3      | Reached XP level 5. HP: 32/49 MP: 3/5
  1973 | D:3      | 1973 ||| INVOKING Spit Poison.
  1975 | D:3      | HP: 11/49 [poisoned by an orc priest]
  1977 | D:3      | HP: 4/49 [orc/+0 short sword (2)]
  1978 | D:3      | 1978 ||| INVOKING Spit Poison.
  2073 | D:3      | 2073 ||| INVOKING Spit Poison.
  2159 | D:3      | 2159 ||| INVOKING Spit Poison.
  2163 | D:3      | 2163 ||| INVOKING Spit Poison.
  2166 | D:3      | 2166 ||| INVOKING Spit Poison.
  2172 | D:3      | 2172 ||| INVOKING Spit Poison.
  2240 | D:3      | 2240 ||| INVOKING Spit Poison.
  2459 | D:3      | 2459 ||| INVOKING Spit Poison.
  3028 | D:4      | 3028 ||| INVOKING Spit Poison.
  3035 | D:4      | 3035 ||| STAIRDANCE
  3037 | D:3      | 3037 ||| INVOKING Spit Poison.
  3039 | D:3      | Reached XP level 6. HP: 31/56 MP: 2/6
  3140 | D:4      | 3140 ||| STAIRDANCE
  3142 | D:3      | 3142 ||| INVOKING Spit Poison.
  3146 | D:3      | HP: 14/56 [poisoned by a scorpion]
  3147 | D:3      | 3147 ||| INVOKING Spit Poison.
  3147 | D:3      | HP: 3/56 [scorpion (6)]
  3147 | D:3      | Frozen to death by an endoplasm

Levels and vault maps discovered:
D:1:      shiori_arrival_elements, layout_loops_ring, serial_shops, shop,
          shapermc_ecumenical_altar_mp_vishouse, minivault_26,
          corexii_hall_statues_i, minivault_24, minmay_pentomino_z4
D:2:      layout_basic, serial_aquarium, aquarium_bridge_long_separate
          [aquarium_subvault_wall, aquarium_subvault_window,
          aquarium_subvault_bridge, aquarium_subvault_wall,
          aquarium_subvault_bridge, aquarium_subvault_wall],
          aquarium_window_fake, aquarium_window_fake, aquarium_window_2,
          aquarium_window_1, aquarium_view_2c, aquarium_balcony_1a
D:3:      layout_basic
D:4:      layout_cave_pools, nicolae_dithmenos_through_a_glass_darkly,
          mainiacjoe_overflow_surrounded_room, minmay_temple_entry_overgrown,
          serial_shops, shop

Skill      XL: |  1  2  3  4 |
---------------+-------------+-----
Ranged Weapons | 4 5 |  5.9
Fighting       | 3 |  3.1
Dodging        | 2 |  2.2
Stealth        | |  1.5

Action                     |  1- 3 |  4- 6 || total
---------------------------+-------+-------++-------
   Fire: Shortbow          |    61 |    70 ||   131
Ability: Spit Poison       |    28 |    23 ||    51
    Use: Scroll            |     2 |     3 ||     5
         Potion            |       |     1 ||     1
 Armour: Leather armour    |     6 |    12 ||    18
  Dodge: Dodged            |    12 |    32 ||    44

Table legend:
 A = Non-vault XP
 B = Vault XP
 C = Vault XP percentage of total XP
 D = Non-vault monster count
 E = Vault monster count
 F = Vault count percentage of total count
                 A         B        C        D         E       F
            +---------+---------+-------+---------+---------+-------
      Total |     365 |       6 |   1.6 |      70 |       4 |   5.4
            +---------+---------+-------+---------+---------+-------
        D:1 |      43 |       6 |  12.2 |      25 |       4 |  13.8
        D:2 |      71 |       0 |   0.0 |      21 |       0 |   0.0
        D:3 |     251 |       0 |   0.0 |      24 |       0 |   0.0
            +---------+---------+-------+---------+---------+-------
